Map: Efflorescence LE

Players

Scorp

  • Race: Protoss Protoss
  • League: Diamond
  • Spawn Location: 6:00

glotkar

  • Race: Terran Terran
  • League: Diamond
  • Spawn Location: 9:00

qqq - Winner!

  • Race: Zerg Zerg
  • League: Platinum
  • Spawn Location: 3:00

Massa - Winner!

  • Race: Terran Terran
  • League: Platinum
  • Spawn Location: 12:00

VOD

Have the link to the VOD?

Description

Time

  • Played on: Nov. 28, 2020, 9:32 a.m.
  • Length: 13:48
Show
View Real Time Build Order
Export as new Build Order

Scorp Protoss 

Build Orders:  

Get SALT Encoding   

  12  0:00  Probe  
  13  0:12  Probe  
  14  0:18  Pylon  
  14  0:26  Probe  
  15  0:36  Forge  
  15  0:39  Probe (Chrono Boost)  
  16  0:49  Probe (Chrono Boost)  
  17  0:54  Probe (Chrono Boost)  
  18  1:09  Pylon  
  18  1:14  Probe  
  18  1:17  Assimilator  
  19  1:22  Pylon  
  19  1:28  Photon Cannon  
  19  1:43  Photon Cannon  
  19  1:47  Pylon  
  19  1:52  Pylon  
  19  2:06  Photon Cannon  
  19  2:09  Photon Cannon  
  19  2:18  Photon Cannon  
  18  2:27  Pylon  
  18  2:34  Probe  
  18  2:52  Pylon  
  18  2:54  Photon Cannon  
  18  2:58  Gateway  
  18  3:01  Probe (Chrono Boost)  
  19  3:08  Assimilator  
  19  3:11  Probe (Chrono Boost)  
  20  3:24  Probe  
  21  3:54  Cybernetics Core  
  21  3:58  Pylon  
  21  4:20  Probe  
  22  4:25  Photon Cannon  
  22  4:31  Gateway  
  22  4:33  Probe  
  22  4:34  Pylon  
  23  4:46  Pylon  
Show
View Real Time Build Order
Export as new Build Order

glotkar Terran 

Build Orders: Banshee Rush 

Get SALT Encoding   

  12  0:01  SCV  
  13  0:13  SCV  
  14  0:21  Supply Depot  
  14  0:25  SCV  
  15  0:43  SCV  
  15  0:44  Barracks  
  16  0:53  Refinery  
  16  0:55  SCV  
  17  1:07  SCV  
  18  1:19  SCV  
  18  1:21  Refinery  
  19  1:32  Supply Depot  
  20  1:37  Orbital Command  
  19  1:55  Factory  
  19  2:18  SCV  
  20  2:33  SCV  
  21  2:40  Starport, Barracks Reactor  
  21  2:45  SCV  
  22  2:56  Factory Tech Lab  
  22  3:05  SCV  
  22  3:06  Command Center  
  23  3:16  Starport Tech Lab  
  23  3:18  Starport  
  23  3:34  Banshee  
  23  3:35  Cloaking Field  
  26  3:47  Supply Depot  
  26  3:49  Marine  
  26  3:50  Marine, Supply Depot  
  26  3:55  Barracks  
  28  4:08  Siege Tank  
  28  4:09  Marine  
  31  4:10  Marine  
  32  4:17  Banshee  
  32  4:20  Bunker  
  32  4:21  Orbital Command  
  35  4:42  Marine x2  
  35  4:43  Siege Tank  
  40  5:18  Siege Tank  
  37  5:58  SCV x2  
  37  6:02  Barracks Tech Lab  
  39  6:09  Fusion Core  
  39  6:10  SCV  
  40  6:12  Starport  
  40  6:14  Siege Tank  
  40  6:17  Starport  
  43  6:23  Stimpack  
  43  6:28  SCV x2  
  45  6:33  Supply Depot x2  
  45  6:40  SCV, Engineering Bay  
  45  6:44  Orbital Command  
  46  6:49  Starport Tech Lab  
  46  6:53  Starport Tech Lab  
  46  6:56  Weapon Refit  
  46  7:14  Battlecruiser x2  
  61  7:30  Siege Tank  
  61  7:39  Marine x3  
  61  7:42  Missile Turret  
  64  7:48  Orbital Command  
  52  9:04  Starport Tech Lab  
  52  9:06  Battlecruiser  
  52  9:07  Battlecruiser  
  63  9:19  Marine  
  63  9:20  Marine x2  
  66  9:30  Barracks  
  66  9:31  Barracks  
  66  9:33  Barracks  
  66  9:37  Marine x3  
  64  9:55  Marine x3  
  64  9:56  Orbital Command  
  58  10:12  Marine  
  56  10:19  Barracks  
  52  10:30  Battlecruiser  
  47  11:03  Battlecruiser  
  47  11:17  Barracks Reactor x2  
  47  11:19  Marine x5  
  52  11:37  Marine x5, Command Center  
  57  11:42  Combat Shield  
  57  11:51  Supply Depot  
  57  11:53  Supply Depot  
  57  11:54  Marine  
  57  11:55  Marine x4  
  62  12:12  Marine  
  62  12:13  Marine x4  
  51  12:30  Marine x2  
  51  12:31  Marine x3  
  55  12:48  Marine x3  
  53  13:34  SCV  
Show
View Real Time Build Order
Export as new Build Order

qqq Zerg - Winner!

Build Orders: Hatch First 

Get SALT Encoding   

  12  0:00  Drone  
  13  0:14  Drone  
  13  0:18  Overlord  
  14  0:48  Drone  
  15  0:50  Hatchery  
  15  0:52  Drone  
  15  0:56  Drone  
  16  1:01  Drone  
  17  1:18  Spawning Pool  
  16  1:30  Drone x2  
  18  1:50  Drone x2  
  18  2:20  Zergling x6  
  21  2:29  Drone  
  22  2:45  Extractor  
  19  3:00  Zergling x2  
  19  3:01  Zergling x4  
  22  3:15  Zergling x2  
  22  3:16  Drone  
  22  3:17  Drone  
  25  3:22  Hatchery  
  24  3:31  Drone  
  24  3:32  Drone x2  
  27  3:38  Overlord  
  27  3:48  Metabolic Boost  
  27  3:54  Overlord  
  27  3:57  Zergling x2  
  27  3:58  Zergling x2  
  27  3:59  Zergling x2  
  30  4:08  Zergling x2  
  30  4:09  Drone  
  32  4:29  Zergling x4  
  32  4:30  Drone, Zergling x2  
  35  4:33  Queen  
  35  4:35  Queen  
  38  4:40  Zergling x2  
  38  4:41  Drone x2  
  41  4:52  Zergling x2  
  42  4:53  Drone, Zergling x2  
  42  4:59  Spore Crawler  
  43  5:01  Spore Crawler  
  43  5:03  Queen  
  43  5:21  Drone  
  43  5:22  Drone x2  
  43  5:23  Lair  
  43  5:25  Zergling x6  
  49  5:40  Drone  
  49  5:42  Spore Crawler  
  49  5:43  Overlord  
  49  5:55  Drone  
  50  5:59  Overlord x4  
  50  6:21  Drone x5  
  50  6:22  Drone x3  
  50  6:23  Drone x3  
  50  6:25  Extractor  
  60  6:29  Spire  
  59  6:54  Drone x3  
  59  6:55  Drone x3, Spore Crawler  
  64  7:09  Drone x3  
  64  7:10  Infestation Pit  
  64  7:14  Extractor x2, Hatchery  
  63  7:30  Hatchery  
  52  7:54  Zergling x4  
  52  7:55  Mutalisk x2  
  52  7:57  Drone x6  
  52  7:58  Drone x3  
  67  8:00  Extractor x2  
  62  8:06  Zerg Flyer Weapons Level 1  
  60  8:22  Drone x2  
  60  8:23  Mutalisk  
  60  8:25  Zergling x10, Overlord  
  69  8:31  Corruptor  
  71  8:36  Drone x2  
  73  8:51  Drone x4  
  73  8:52  Drone  
  73  8:54  Mutalisk  
  73  8:55  Corruptor x2  
  82  8:56  Zergling x4  
  82  8:57  Drone  
  82  9:01  Queen  
  82  9:02  Drone  
  90  9:03  Drone, Spine Crawler  
  90  9:06  Hatchery  
  89  9:11  Corruptor  
  89  9:12  Corruptor  
  89  9:14  Hatchery, Drone  
  93  9:19  Hatchery  
  92  9:32  Mutalisk  
  92  9:33  Mutalisk x2  
  92  9:34  Drone  
  92  9:35  Drone x5  
  96  9:58  Mutalisk x3  
  96  9:59  Mutalisk  
  103  10:00  Zergling x4  
  105  10:07  Drone x4  
  105  10:08  Drone  
  110  10:14  Spore Crawler x2  
  110  10:15  Spore Crawler  
  110  10:21  Mutalisk x3  
  105  10:22  Zergling x2  
  105  10:23  Drone x2, Zergling x2  
  105  10:24  Zergling x2  
  105  10:27  Drone  
  105  10:28  Drone  
  118  10:29  Extractor  
  118  10:31  Extractor  
  114  10:44  Mutalisk x4  
  114  10:45  Hatchery, Zergling x4  
  114  10:46  Drone x5  
  128  10:56  Corruptor  
  128  11:14  Drone x2  
  128  11:16  Overlord x5  
  128  11:17  Overlord x3  
  128  11:21  Zerg Flyer Weapons Level 2  
  128  11:23  Hive  
  128  11:27  Spore Crawler  
  128  11:28  Spore Crawler x2  
  128  11:29  Extractor x2  
  128  11:30  Drone  
  128  11:31  Drone x4  
  128  11:36  Corruptor x3  
  134  11:41  Corruptor  
  134  11:43  Overlord x2  
  134  11:44  Drone x2  
  134  11:45  Drone  
  139  11:56  Spore Crawler x2  
  139  11:58  Spore Crawler  
  132  12:14  Corruptor x3  
  132  12:15  Corruptor  
  107  12:39  Mutalisk, Corruptor x4  
  107  12:40  Mutalisk x3, Corruptor  
  107  12:42  Drone x3  
  107  12:43  Drone x3  
  127  12:44  Zergling x6  
  127  12:45  Zergling x14  
  127  12:51  Spore Crawler  
  136  12:53  Spore Crawler x2  
  136  12:56  Spine Crawler  
  136  12:57  Extractor  
  132  13:05  Drone  
  107  13:29  Drone, Zergling x4  
  107  13:30  Drone x2, Zergling x6  
  107  13:31  Zergling x6  
  124  13:46  Baneling Nest  
Show
View Real Time Build Order
Export as new Build Order

Massa Terran - Winner!

Build Orders:  

Get SALT Encoding   

  12  0:01  SCV  
  13  0:13  SCV  
  14  0:19  Supply Depot  
  14  0:25  SCV  
  15  0:40  SCV  
  16  0:48  Barracks  
  16  0:52  SCV  
  16  0:53  Supply Depot  
  17  1:04  SCV  
  17  1:06  Barracks  
  18  1:16  SCV  
  18  1:17  Refinery  
  19  1:30  SCV  
  20  1:36  Barracks  
  20  1:42  SCV  
  20  1:45  Marine  
  22  1:55  Marine  
  22  1:58  Orbital Command  
  23  2:06  Marine  
  24  2:12  Supply Depot  
  24  2:33  Marine x3  
  27  2:40  Factory  
  27  2:42  Supply Depot  
  27  2:50  Marine x2  
  27  2:51  Marine  
  29  3:09  Barracks Tech Lab  
  29  3:15  Marine x2  
  31  3:22  Command Center  
  31  3:27  Hellion  
  33  3:34  Supply Depot  
  35  3:41  Marauder, Marine  
  35  3:46  Stimpack  
  35  3:47  Marine  
  37  3:59  Marine  
  40  4:03  Factory Tech Lab, Marauder  
  40  4:05  Marine  
  40  4:06  SCV  
  40  4:36  Marauder, Marine x2  
  44  4:41  Cyclone  
  47  4:54  Marine x2  
  47  4:57  Marauder  
  39  5:18  Orbital Command  
  38  5:33  Marine x3  
  38  5:43  Engineering Bay  
  38  5:50  Marine  
  38  5:51  Marine  
  39  6:13  Missile Turret  
  39  6:14  SCV  
  39  6:15  SCV  
  41  6:26  SCV  
  41  6:27  SCV  
  43  6:39  SCV x2  
  45  6:44  Starport  
  45  6:51  SCV x2  
  47  6:59  Refinery  
  47  7:03  SCV x2  
  49  7:17  Refinery  
  49  7:19  Refinery  
  48  7:23  Starport Reactor  
  48  7:34  Starport  
  48  7:59  Medivac  
  48  8:02  Medivac  
  48  8:05  Marine x3  
  55  8:17  Combat Shield  
  55  8:22  Marine x3, Viking  
  55  8:24  SCV  
  55  8:25  SCV  
  58  8:37  SCV x2  
  58  8:40  Marine x3  
  55  8:49  SCV x2  
  51  8:56  Missile Turret  
  51  8:57  Missile Turret  
  51  9:01  SCV x2  
  51  9:13  SCV x2  
  53  9:23  Missile Turret  
  53  9:25  SCV  
  53  9:45  Barracks Tech Lab  
  39  9:55  Cyclone  
  36  10:18  Marine x4  
  40  10:36  Marine  
  41  10:49  SCV x2  
  42  10:52  Cyclone  
  45  11:01  SCV x2  
  47  11:13  SCV x2  
  47  11:16  Missile Turret x2  
  49  11:20  Marauder x2, Marine  
  49  11:25  SCV x2  
  56  11:28  Starport  
  56  11:34  Marine  
  56  11:35  Starport, Concussive Shells  
  56  11:36  Missile Turret  
  56  11:38  Cyclone, Marine  
  61  11:41  Marine  
  62  11:53  Supply Depot  
  62  11:54  Missile Turret  
  62  11:59  Missile Turret  
  62  12:02  Supply Depot  
  62  12:04  Missile Turret  
  62  12:07  Starport Reactor, Supply Depot  
  62  12:13  Starport Reactor  
  62  12:15  SCV x2, Cyclone  
  67  12:24  Starport Tech Lab  
  67  12:27  SCV x2  
  69  12:39  SCV x2  
  69  12:41  Marine x3  
  74  12:44  Medivac  
  74  12:49  Raven  
  78  12:51  SCV x2  
  78  12:56  Supply Depot  
  80  12:58  Supply Depot  
  80  13:00  Supply Depot  
  80  13:03  SCV x2  
Tags
 
Add a new tag
Caveats
  • Supply blocks, unpowered buildings, or Contaminate may cause inaccurate times.
  • Supply counts are checked every 10 seconds.